 Dungeon Crawl Stone Soup version 0.28-a0-1568-g77cbbf62ba (webtiles) character file.

Game seed: 14016228889016044962

43184 Ijustatesigmund the Warrior (level 13, -4/139 HPs)
             Began as a Minotaur Fighter on Jan 20, 2022.
             Was a Priest of the Shining One.
             Slain by a large abomination (31 damage)
             ... on level 2 of the Abyss.
             The game lasted 00:27:05 (18188 turns).

Ijustatesigmund the Warrior (Minotaur Fighter)     Turns: 18188, Time: 00:27:06

Health: -4/139     AC: 16    Str: 24    XL:     13   Next: 89%
Magic:  15/18      EV: 15    Int:  5    God:    the Shining One [***...]
Gold:   506        SH:  5    Dex: 12    Spells: 12/12 levels left

rFire   + + +      SeeInvis +   a - +2 morningstar (flame)
rCold   . . .      Faith    .   c - +0 buckler
rNeg    + . .      Spirit   .   b - +0 fire dragon scales
rPois   +          Reflect  .   v - +1 hat "Uguepint" {Regen+ rCorr SInv}
rElec   +          Harm     .   (no cloak)
rCorr   +          Rampage  .   B - +1 pair of gloves
Will    .....                   p - +1 pair of boots {Stlth+}
Stlth   +.........              D - amulet of regeneration
HPRegen 0.00/turn               k - +4 ring of protection
MPRegen 0.16/turn               s - +4 ring of evasion

@: resistant, sick, glowing, unable to read
A: horns 2, retaliatory headbutt, [deformed body], [no potion heal 2],
[inability to read while threatened]
a: Renounce Religion, Divine Shield, Cleansing Flame


You were on level 2 of the Abyss.
You worshipped the Shining One.
The Shining One was most pleased with you.
You visited 2 branches of the dungeon, and saw 14 of its levels.
You visited the Abyss 1 time.
You also visited: Bailey and Gauntlet.

You collected 912 gold pieces.
You spent 406 gold pieces at shops.

Inventory:

Hand Weapons
 a - a +2 morningstar of flaming (weapon)
Missiles
 i - 7 curare-tipped darts (quivered)
 l - 8 throwing nets
Armour
 b - +0 fire dragon scales (worn)
 c - a +0 buckler (worn)
 p - a +1 pair of boots of stealth (worn)
 v - the +1 hat "Uguepint" (worn) {Regen+ rCorr SInv}
   (You found it in a Gauntlet)

   SInv:      It lets you see invisible.
   Regen:     It increases your rate of health regeneration.
   rCorr:     It protects you from acid and corrosion.
 B - a +1 pair of gloves (worn)
Jewellery
 e - a ring of poison resistance
 k - a +4 ring of protection (left hand)
 r - an amulet of the acrobat
 s - a +4 ring of evasion (right hand)
 y - a ring of resist corrosion
 D - an amulet of regeneration (around neck)
 H - a ring of protection from fire
 I - a +4 ring of protection
Wands
 d - a wand of charming (4)
 t - a wand of mindburst (4)
 x - a wand of flame (26)
 J - a wand of acid (12)
Scrolls
 g - a scroll of holy word
 h - 2 scrolls of brand weapon
 m - 5 scrolls of teleportation
 o - 2 scrolls of immolation
 q - a scroll of blinking
 A - 2 scrolls of magic mapping
 C - a scroll of noise
 F - a scroll of amnesia
Potions
 f - 3 potions of lignification
 j - a potion of mutation
 n - 2 potions of heal wounds
 u - 4 potions of flight
 z - 3 potions of curing
 G - a potion of magic
 K - a potion of attraction


   Skills:
 - Level 20.0 Fighting
 - Level 6.7(11.4) Axes
 + Level 14.3(14.9) Maces & Flails
 + Level 8.6 Armour
 + Level 5.8 Dodging
 - Level 7.1 Shields
 + Level 9.3 Invocations


You had 12 spell levels left.
You didn't know any spells.
Your spell library contained the following spells:

 Spells                   Type           Power      Damage    Failure   Level
 Animate Skeleton         Necr           0%         N/A       86%         1
 Pain                     Necr           0%         1d4       86%         1
 Sting                    Tmut/Pois      0%         1d3       86%         1
 Poisonous Vapours        Pois/Air       0%         N/A       95%         2
 Static Discharge         Conj/Air       0%         N/A       95%         2
 Sublimation of Blood     Necr           0%         N/A       95%         2
 Wereblood                Tmut           0%         N/A       95%         2
 Conjure Flame            Conj/Fire      0%         6-21      99%         3
 Ignite Poison            Fire/Tmut/Pois 0%         N/A       99%         3
 Ozocubu's Armour         Ice            0%         N/A       99%         3
 Vampiric Draining        Necr           0%         2d6       99%         3
 Cause Fear               Hex            0%         N/A       100%        4
 Dispel Undead            Necr           0%         3d6       100%        4
 Fulminant Prism          Conj/Hex       0%         3d6       100%        4
 Iskenderun's Mystic Bla  Conj/Tloc      0%         2d3       100%        4
 Olgreb's Toxic Radiance  Pois           0%         N/A       100%        4
 Sticky Flame             Conj/Fire      0%         2d3       100%        4
 Agony                    Necr           0%         N/A       100%        5
 Excruciating Wounds      Necr           0%         N/A       100%        5
 Lee's Rapid Deconstruct  Erth           0%         3d5*      100%        5
 Dragon Form              Tmut           0%         N/A       100%        7
 Ozocubu's Refrigeration  Ice            0%         4d5       100%        7
 Summon Hydra             Summ           0%         N/A       100%        7
 Dragon's Call            Summ           0%         N/A       100%        9


Dungeon Overview and Level Annotations

Branches:
Dungeon (13/15)            Temple (0/1) D:4            Lair (1/6) D:11
    Orc (0/2) D:10         Vaults (0/5) D:13         Bailey (visited)
Gauntlet (visited)

Altars:
Ashenzari
Cheibriados
Elyvilon
Gozag
Hepliaklqana
Makhleb
Nemelex Xobeh
Okawaru
Qazlal
Ru
Sif Muna
Uskayaw
Vehumet
Wu Jian
The Shining One

Shops:
D:5 (*   D:10 *([

Annotations:
D:11 1 runed translucent door
D:13 1 runed translucent door, Inuschiwk's ghost, journeyman TrBe Gauntlet 2 transporters, exclusion: orange crystal statue


Innate Abilities, Weirdness & Mutations

You have a pair of horns on your head.
You reflexively headbutt those who attack you in melee.
[Armour fits poorly on your strangely shaped body.]
[Potions cannot restore your health.]
[You sometimes lose the ability to read scrolls when taking damage.]


Message History

* * * LOW HITPOINT WARNING * * *
You hold your ground!
A green death comes into view.
The thrashing horror tramples you but does no damage. x2
You cannot read scrolls in your current state!
The green death roars!
You puncture the thrashing horror! You burn the thrashing horror.
The thrashing horror is almost destroyed.
The thrashing horror closely misses you.
The thrashing horror tramples you but does no damage.
The thrashing horror churns violently!
The thrashing horror seems to grow stronger.
The thrashing horror tramples you.
* * * LOW HITPOINT WARNING * * *
You stumble backwards!
Activating: Cleansing Flame (12% risk of failure)
Press: ? - help, Dir - look around, f - activate The golden flame engulfs you but does no damage.
You resist.
The golden flame engulfs the thrashing horror!!!
You destroy the thrashing horror!
That felt strangely unrewarding.
The golden flame engulfs the thrashing horror!
The thrashing horror is heavily damaged.
You hear a bellow!
You hear a bark! x2; You hear a roar!
The thrashing horror closely misses you.
You furiously retaliate!
You headbutt the thrashing horror!
You block the thrashing horror's attack.
You impale the thrashing horror!! You burn the thrashing horror.
You destroy the thrashing horror!
That felt strangely unrewarding.
Okay, then.
You can read scrolls again.
A large abomination comes into view.
The large abomination hits you.
* * * LOW HITPOINT WARNING * * *
You hit the large abomination but do no damage.
The large abomination hits you!!
You feel threatened and lose the ability to read scrolls!
You die...

##...##.#...####
. # ..#..###.#
#.. ##....# #.
..#. #..#.....
.# #. #..##.#..#
.##..##......#
#..#..#.#.#.#
#...###..
#...#@.# ##.#
...##..X.# # #.
#..##.# ##. ..#
#. #.# #. #. #.
.. ## #.


You could see a large abomination.

Vanquished Creatures
  Snorg (D:11)
  A fire dragon (D:12)
  A yaktaur captain (D:12)
  Harold (D:7)
  A hydra (D:9)
  A boulder beetle (D:11)
  3 two-headed ogres
  6 thrashing horrors (Abyss:2)
  A wretched star (Abyss:2)
  2 starcursed masses (Abyss:2)
  3 large abominations (Abyss:2)
  An obsidian statue (Gauntlet)
  5 deep elf pyromancers
  A cyclops (D:13)
  Joseph (D:8)
  Maurice (D:10)
  A cane toad (Lair:1)
  A gargoyle (D:11)
  2 unseen horrors
  A kobold demonologist (D:13)
  5 yaktaurs
  A komodo dragon (D:12)
  2 trolls
  3 meliai (D:13)
  2 ancient zymes (Abyss:2)
  3 slime creatures (D:13)
  4 raiju (Abyss:2)
  3 hornets
  A meliai zombie (D:10)
  3 vampires
  A ynoxinul (Abyss:2)
  2 wraiths
  A wyvern (Bailey)
  11 yaks
  2 fire bats (Abyss:2)
  2 vampire mosquitoes (D:13)
  3 acid dragons
  An ice beast (D:6)
  15 orc warriors
  A black bear (D:8)
  A hornet zombie (D:8)
  3 ogres
  10 centaurs
  A phantom (D:5)
  Blork the orc (D:5)
  2 wyvern zombies
  A kobold brigand (D:10)
  A bullfrog (Lair:1)
  4 scorpions
  2 gnoll sergeants
  2 small abominations (Abyss:2)
  A killer bee (D:8)
  6 wights
  2 howler monkeys (D:13)
  A bullfrog zombie (D:7)
  7 centaur zombies
  An iron imp (D:5)
  3 jellies
  4 orc priests
  2 hounds
  Natasha (thrice) (D:2)
  4 iguanas
  15 orc wizards
  A hound skeleton (D:4)
  9 gnolls
  2 howler monkey skeletons
  11 adders
  A shadow imp (Abyss:2)
  A white imp (D:6)
  An ufetubus (D:3)
  A worm (D:2)
  2 dart slugs (D:1)
  54 orcs
  3 bats (D:1)
  11 endoplasms
  2 giant cockroaches
  8 hobgoblins
  13 kobolds
  A quokka (D:3)
  8 ball pythons
  2 frilled lizards
  13 goblins
  8 rats
330 creatures vanquished.

Vanquished Creatures (others)
  An orc warrior (Bailey)
  2 centaurs (Bailey)
  2 orcs (Bailey)
  11 plants (D:1)
16 creatures vanquished.

Grand Total: 346 creatures vanquished

Notes
Turn   | Place    | Note
-------+----------+-------------------------------------------
     0 | D:1      | Ijustatesigmund the Minotaur Fighter began the quest for
                  | the Orb.
     0 | D:1      | Reached XP level 1. HP: 19/19 MP: 0/0
   156 | D:1      | Reached skill level 4 in Fighting
   156 | D:1      | Reached XP level 2. HP: 23/27 MP: 1/1
   474 | D:1      | Reached XP level 3. HP: 32/34 MP: 2/2
  1120 | D:2      | Reached XP level 4. HP: 34/41 MP: 3/3
  1171 | D:2      | Found a faded altar of an unknown god.
  1238 | D:2      | Reached skill level 5 in Fighting
  1613 | D:2      | Noticed Natasha
  1619 | D:2      | Killed Natasha
  1923 | D:2      | Reached XP level 5. HP: 46/48 MP: 4/4
  2069 | D:2      | Noticed Natasha
  2077 | D:2      | Killed Natasha
  2209 | D:2      | Noticed Natasha
  2246 | D:2      | Killed Natasha
  2247 | D:2      | Reached skill level 5 in Maces & Flails
  2470 | D:3      | Identified the +4 dagger of the New World {distort, rC++
                  | Int-5}
  2582 | D:3      | Reached skill level 6 in Fighting
  2606 | D:3      | Found a shimmering blue altar of Sif Muna.
  3056 | D:4      | Identified the +10 spear of Irieq {protect, Fly rCorr
                  | Int+3}
  3074 | D:4      | Found an opulent altar of Gozag.
  3120 | D:4      | Reached XP level 6. HP: 57/57 MP: 5/5
  3310 | D:4      | Found a staircase to the Ecumenical Temple.
  3383 | D:4      | You are sucked into a shaft and drop 3 floors!
  3659 | D:5      | Entered Level 5 of the Dungeon
  3697 | D:5      | Found Cunobramm's Antique Weapon Shop.
  3784 | D:5      | Reached XP level 7. HP: 38/64 MP: 6/6
  3951 | D:5      | Found Iczer's Gadget Gallery.
  3957 | D:5      | Reached skill level 7 in Fighting
  3974 | D:5      | Found a stormy altar of Qazlal.
  4073 | D:5      | Found a snail-covered altar of Cheibriados.
  4621 | D:5      | Found a sparkling altar of Nemelex Xobeh.
  4650 | D:5      | Noticed Blork the orc
  4658 | D:5      | Killed Blork the orc
  4768 | D:5      | Reached XP level 8. HP: 74/74 MP: 7/7
  5176 | D:5      | Bought a runed morningstar for 182 gold pieces
  5250 | D:4      | Reached skill level 8 in Fighting
  5810 | D:6      | Found a glowing golden altar of the Shining One.
  5816 | D:6      | Found a hazy altar of Hepliaklqana.
  5905 | D:6      | Became a worshipper of the Shining One
  6054 | D:6      | Reached skill level 1 in Invocations
  6298 | D:6      | Found a white marble altar of Elyvilon.
  6629 | D:7      | Reached skill level 10 in Maces & Flails
  6630 | D:7      | Reached skill level 5 in Armour
  6855 | D:7      | Found an iron altar of Okawaru.
  6865 | D:7      | Reached skill level 9 in Fighting
  6905 | D:7      | Reached XP level 9. HP: 83/83 MP: 8/10
  7145 | D:7      | Found a broken altar of Ashenzari.
  7896 | D:8      | Noticed Joseph
  7911 | D:8      | Killed Joseph
  8007 | D:8      | Noticed Harold
  8007 | D:8      | Reached * piety under the Shining One
  8348 | D:8      | Noticed a deep elf pyromancer
  8370 | D:7      | Killed Harold
  8371 | D:7      | Reached skill level 10 in Fighting
  8707 | D:8      | Killed a deep elf pyromancer
  8708 | D:8      | Reached skill level 5 in Invocations
  8708 | D:8      | Reached XP level 10. HP: 72/94 MP: 12/12
  9382 | D:9      | Found a radiant altar of Vehumet.
  9398 | D:9      | Reached skill level 1 in Dodging
  9782 | D:9      | Noticed a six-headed hydra
  9788 | D:9      | Killed a six-headed hydra
 10285 | D:9      | Found an ornate altar of the Wu Jian Council.
 10516 | D:9      | Reached skill level 11 in Fighting
 11068 | D:10     | Entered Level 10 of the Dungeon
 11068 | D:10     | Found a flagged portal.
 11105 | Bailey   | Entered a bailey
 11777 | Bailey   | Reached ** piety under the Shining One
 11819 | Bailey   | Reached XP level 11. HP: 103/103 MP: 15/15
 12241 | Bailey   | Reached skill level 18 in Fighting
 12241 | Bailey   | Reached XP level 12. HP: 128/128 MP: 16/16
 12242 | Bailey   | Reached skill level 20 in Fighting
 12242 | Bailey   | Reached XP level 13. HP: 139/139 MP: 17/17
 12290 | D:10     | Found a hide-covered altar of Uskayaw.
 12567 | D:10     | Identified the +9 hunting sling "Fovep" {venom, Int+2}
 12575 | D:10     | Found Arrium's Antique Weapon Boutique.
 12592 | D:10     | Noticed Maurice
 12600 | D:10     | Killed Maurice
 12828 | D:10     | Found Quxyg's General Store.
 12910 | D:10     | Found Liovis's Assorted Antiques.
 13142 | D:10     | Found Lyom's Armour Boutique.
 13189 | D:10     | Found a staircase to the Orcish Mines.
 13357 | D:10     | Bought a coppery potion for 20 gold pieces
 13357 | D:10     | Bought a scroll of identify for 46 gold pieces
 13357 | D:10     | Bought a fuming orange potion for 20 gold pieces
 13357 | D:10     | Bought a scroll labelled ESHOGUKHER for 23 gold pieces
 13357 | D:10     | Bought a scroll labelled KAEBAY HESTI for 23 gold pieces
 13357 | D:10     | Bought a scroll of identify for 46 gold pieces
 13357 | D:10     | Bought a scroll of identify for 46 gold pieces
 13529 | D:11     | Reached skill level 5 in Shields
 13709 | D:11     | Found a burning altar of Makhleb.
 13713 | D:11     | Noticed Snorg
 13727 | D:11     | Killed Snorg
 14456 | D:11     | Found a runed translucent door.
 14501 | D:11     | Found a staircase to the Lair.
 14607 | D:11     | Reached *** piety under the Shining One
 15123 | D:12     | Found a sacrificial altar of Ru.
 15222 | D:13     | Found a gate to the Vaults.
 15808 | D:13     | Noticed a fire dragon
 16668 | D:12     | Killed a fire dragon
 17032 | D:13     | Reached skill level 5 in Dodging
 17108 | D:13     | Noticed Inuschiwk's ghost (journeyman TrBe)
 17111 | D:13     | Found a runed translucent door.
 17776 | Lair:1   | Entered Level 1 of the Lair of Beasts
 17793 | Lair:1   | Found a gate leading to a gauntlet.
 17802 | Gauntlet | Entered a Gauntlet
 17802 | Gauntlet | Found a transporter.
 17805 | Gauntlet | Found a transporter.
 17822 | Gauntlet | Found a transporter.
 17826 | Gauntlet | Found a transporter.
 17855 | Gauntlet | Identified the +1 hat "Uguepint" {Regen+ rCorr SInv}
 17874 | Gauntlet | Found a transporter.
 17885 | Gauntlet | Cast into level 2 of the Abyss (a wizard)
 17969 | Abyss:2  | Noticed a starcursed mass
 18172 | Abyss:2  | Noticed a green death
 18188 | Abyss:2  | Slain by a large abomination

Illustrated notes

Levels and vault maps discovered:
D:1:      lightli_arrival_quake, layout_basic, serial_bayou_lagoon_a,
          serial_bayou_pond_b
D:2:      layout_basic, nicolae_ecumenical_snake_handling, uniq_natasha
D:3:      layout_basic, kennysheep_orc_sif_temple
D:4:      layout_basic, nicolae_overflow_crystal_walls,
          minmay_temple_entry_tees, st_stairs_4
D:5:      layout_basic, old_standard_altar, chei_slow_surprise,
          nemelex_dance_club_becter, portal_sewer_entry_a, serial_shops,
          nicolae_shop_temple_entry_statues_fountains, nicolae_shop_gadgets,
          uniq_blork_the_orc
D:6:      layout_loops_ring, marbit_many_paths, grunt_temple_overflow_open
D:7:      layout_layer_cave, mainiacjoe_overflow_catwalk_spiral
D:8:      layout_rooms, minmay_fractal_squares_5, uniq_harold, uniq_joseph
D:9:      layout_stronghold, kennysheep_mini,
          mainiacjoe_overflow_surrounded_room, grunt_ogre_cave, glass_columns_b
D:10:     layout_stronghold, lemuel_doored_altar, david_orc_4, serial_shops,
          nicolae_shop_advertising_works [nicolae_subvault_shop_adworks], shop,
          nicolae_inconvenience_store, shop, enter_bailey_5, uniq_maurice
D:11:     layout_basic, lair_entry_dummy, minmay_misc_feat_iff,
          grunt_ministairs_4, minmay_st_funbox, bloody_makhleb, uniq_snorg
D:12:     layout_cave_pools, nicolae_ru_path_of_blood
D:13:     layout_long_grid, david_vaults_2, hellmonk_ghost_happy_afterlife
Lair:1:   layout_roguey, gauntlet_entry_generic, st_stairs_9, grunt_megastairs_3
Abyss:2:  base: D:1, gammafunk_corrupted_shrine, evilmike_abyss_exit_13
Gauntlet: minmay_gauntlet_mixed_oops_all_seconds
          [minmay_gauntlet_arena_77_radiant_squares,
          gammafunk_gauntlet_arena_grid, minmay_gauntlet_arena_77_checkered,
          gammafunk_gauntlet_arena_teeth,
          minmay_gauntlet_arena_77_terracotta_army,
          gammafunk_gauntlet_arena_chambers, dreamdust_gauntlet_exit_labyrinth]

Skill      XL: |  1  2  3  4  5  6  7  8  9 10 11 12 13 |
---------------+----------------------------------------+-----
Fighting       | 4 5 6 7 9 10 11 18 20 | 20.0
Maces & Flails | 3 4 5 7 9 10 11 12 14 | 14.3
Armour         | 5 7 8 |  8.6
Invocations    | 2 5 6 7 9 |  9.3
Dodging        | 4 5 |  5.8
Axes           | 6 |  6.7
Shields        | 7 |  7.1

Action                   |  1- 3 |  4- 6 |  7- 9 | 10-12 | 13-15 || total
-------------------------+-------+-------+-------+-------+-------++-------
Melee: Flail             |    78 |    87 |       |       |       ||   165
       Headbutt          |     7 |    17 |    39 |    46 |   107 ||   216
       Spear             |       |    51 |   208 |       |       ||   259
       Morningstar       |       |       |     7 |   197 |   322 ||   526
Throw: Dart              |       |       |     1 |       |     1 ||     2
Invok: Divine Shield     |       |       |       |       |     4 ||     4
       Cleansing Flame   |       |       |       |       |     3 ||     3
Evoke: Wand              |       |       |       |     5 |       ||     5
  Use: Scroll            |     4 |     9 |     5 |       |    11 ||    29
       Potion            |       |       |       |     2 |     5 ||     7
Armor: Scale mail        |    27 |    20 |       |       |       ||    47
       Chain mail        |       |    40 |   113 |   124 |    55 ||   332
       Fire dragon scale |       |       |       |       |    64 ||    64
Dodge: Dodged            |    31 |    37 |    94 |   307 |   204 ||   673
Block: Buckler           |    15 |    24 |    39 |    75 |   100 ||   253

Table legend: (Time is in decaauts)
 A = Elapsed time spent in this place.
 B = Non-inter-level travel time spent in this place.
 C = Inter-level travel time spent in this place.
 D = Time resting spent in this place.
 E = Time spent auto-exploring this place.
 F = Levels seen in this place.
 G = Mean time per level.
                   A        B        C        D        E       F      G
               +--------+--------+--------+--------+--------+-----+--------+
         Total |  18263 |  17616 |    647 |   3730 |  11209 |  17 | 1074.3 |
       Dungeon |  16723 |  16076 |    647 |   3288 |  10667 |  13 | 1286.4 |
          Lair |     24 |     24 |      0 |      0 |      0 |   1 |   24.0 |
         Abyss |    287 |    287 |      0 |     93 |     70 |   1 |  287.0 |
        Bailey |   1147 |   1147 |      0 |    348 |    472 |   1 | 1147.0 |
      Gauntlet |     80 |     80 |      0 |      0 |      0 |   1 |   80.0 |
               +--------+--------+--------+--------+--------+-----+--------+

Top non-repeatable levels by time:
     D:7: 2021 daAuts
    D:12: 1914 daAuts
     D:9: 1598 daAuts
     D:5: 1588 daAuts
    D:11: 1390 daAuts
     D:8: 1254 daAuts
     D:2: 1233 daAuts
    D:10: 1226 daAuts
  Bailey: 1147 daAuts
     D:1: 1081 daAuts
    D:13: 1027 daAuts
     D:4: 816 daAuts
     D:6: 810 daAuts
     D:3: 756 daAuts
 Abyss:2: 287 daAuts
